 Dungeon Crawl Stone Soup version 0.30.2 (webtiles) character file.

Game seed: 4744851874316986034

179 porpoise the Shooter (level 5, -4/41 HPs)
             Began as a Human Hunter on Feb 17, 2024.
             Slain by an iguana (5 damage)
             ... on level 4 of the Dungeon.
             The game lasted 00:07:23 (3269 turns).

porpoise the Shooter (Human Hunter)                 Turns: 3269, Time: 00:07:23

Health: -4/41      AC:  3    Str: 11    XL:     5   Next: 90%
Magic:  5/5        EV: 12    Int:  9    God:
Gold:   193        SH:  0    Dex: 19    Spells: 4/4 levels left

rFire   . . .        a - +0 shortbow
rCold   . . .        (shield currently unavailable)
rNeg    . . .        i - +0 leather armour {rPois}
rPois   +            (no helmet)
rElec   .            (no cloak)
rCorr   .            (no gloves)
SInv    .            (no boots)
Will    .....        (no amulet)
Stlth   ++           (no ring)
HPRegen 0.26/turn    (no ring)
MPRegen 0.09/turn

%: no passive effects
@: no status effects
A: no striking features
a: no special abilities


You were on level 4 of the Dungeon.
You visited 1 branch of the dungeon, and saw 4 of its levels.

You collected 193 gold pieces.

Inventory:

Hand Weapons
 a - a +0 shortbow (weapon)
 b - a +0 dagger
Missiles
 l - 4 curare-tipped darts
 m - 3 datura-tipped darts
Armour
 i - a +0 leather armour of poison resistance (worn)
Magical Staves
 g - a staff of death
Jewellery
 q - an amulet of faith
 s - an amulet of guardian spirit
Wands
 p - a wand of roots (8)
Scrolls
 c - a scroll of blinking {unknown}
 d - a scroll of immolation
 o - a scroll of amnesia {unknown}
 r - a scroll of fog {unknown}
 u - a scroll of silence {unknown}
Potions
 f - a potion of might {unknown}
 h - 2 potions of haste
 j - 2 potions of curing
 k - a potion of heal wounds {unknown}
 n - 2 potions of lignification
 v - a potion of brilliance {unknown}


   Skills:
 + Level 3.5 Fighting
 * Level 5.9 Ranged Weapons
 - Level 2.0 Dodging
 - Level 1.0 Stealth


You had 4 spell levels left.
You didn't know any spells.
Your spell library contained the following spells:

 Spells                   Type           Power      Damage    Failure   Level
 Necrotise                Necr           0%         1d4       47%         1
 Lesser Beckoning         Tloc           0%         N/A       63%         2
 Gell's Gravitas          Tloc           0%         N/A       85%         3
 Teleport Other           Tloc           0%         N/A       85%         3
 Vampiric Draining        Necr           0%         2d6       85%         3
 Agony                    Necr           0%         N/A       100%        5


Dungeon Overview and Level Annotations

Branches:
Dungeon (4/15)
 Temple: D:4-7

Altars:
Kikubaaqudgha
Qazlal
Uskayaw


Message History

As you read the scroll labelled GUMMYA LIOD, it crumbles to dust.
It is a scroll of identify.
h - 2 potions of haste
As you read the scroll of identify, it crumbles to dust.
j - 2 potions of curing
As you read the scroll of identify, it crumbles to dust.
t - 2 potions of degeneration You drop 2 potions of degeneration.
There is a stone staircase leading up here.
You see here 2 potions of degeneration.
Found 4 stones.
An ogre comes into view. It is wielding a +0 giant spiked club.
An iguana comes into view.
You shoot an arrow.
The arrow hits the iguana but does no damage.
The iguana hisses angrily.
No target in view!
You shoot an arrow. The arrow hits the iguana.
The iguana is moderately wounded.
You shoot an arrow. The arrow hits the iguana.
The iguana is moderately wounded.
You shoot an arrow. The arrow hits the iguana.
The iguana is heavily wounded.
You shoot an arrow. The arrow barely misses the iguana.
The iguana bites you! The iguana completely misses you.
You shoot an arrow. The arrow hits the iguana.
The iguana is severely wounded.
The iguana closely misses you.
You shoot an arrow. The arrow closely misses the iguana.
The iguana bites you!
You are too injured to fight recklessly!
You are too injured to fight recklessly!
You shoot an arrow. The arrow closely misses the iguana.
The iguana bites you!
* * * LOW HITPOINT WARNING * * *
The iguana bites you.
* * * LOW HITPOINT WARNING * * *
You shoot an arrow.
The arrow hits the iguana but does no damage.
The iguana is severely wounded.
The iguana bites you.
You die...

......... ......(
. ...... .. O...
... ... .... #.#
.....## ##.#
.......######..#
#.l@.##..##
####.##.## #.#..#
#...## #..<.## #
#..#..#
....###.#####
###..........#####
#.<######........


You could see an iguana.

Vanquished Creatures
  An orc wizard (D:3)
  6 adders (D:2)
  4 gnolls (D:2)
  3 worms
  4 orcs (D:3)
  3 ball pythons (D:2)
  6 endoplasms
  A giant cockroach (D:2)
  4 goblins
  2 hobgoblins
  A quokka (D:3)
  2 bats
  5 frilled lizards
  3 kobolds
  11 rats
56 creatures vanquished.

Notes
Turn   | Place    | Note
-------+----------+-------------------------------------------
     0 | D:1      | porpoise the Human Hunter began the quest for the Orb.
     0 | D:1      | Reached XP level 1. HP: 16/16 MP: 1/1
   254 | D:1      | Reached XP level 2. HP: 22/22 MP: 2/2
   880 | D:2      | Reached XP level 3. HP: 17/28 MP: 3/3
   972 | D:2      | Reached XP level 4. HP: 23/34 MP: 4/4
  1043 | D:2      | Reached skill level 5 in Ranged Weapons
  1586 | D:2      | Reached XP level 5. HP: 25/41 MP: 5/5
  1595 | D:2      | HP: 1/61 [gnoll/+0 spear (7)]
  2533 | D:3      | Found an ancient bone altar of Kikubaaqudgha.
  2533 | D:3      | Found a faded altar of an unknown god.
  2541 | D:3      | Found a stormy altar of Qazlal.
  2543 | D:3      | Found a hide-covered altar of Uskayaw.
  2545 | D:3      | Found a faded altar of an unknown god.
  2896 | D:3      | Found a faded altar of an unknown god.
  3250 | D:4      | Noticed an ogre
  3268 | D:4      | HP: 1/41 [iguana (4)]
  3269 | D:4      | Slain by an iguana

Illustrated notes

Levels and vault maps discovered:
D:1:      matt_arrival_refuge, layout_basic
D:2:      layout_basic, serial_forest, infiniplex_forest_end_double,
          infiniplex_forest_clump_curved, infiniplex_forest_end_3,
          infiniplex_forest_straight_3, infiniplex_forest_end_3,
          infiniplex_forest_split, minmay_misc_feat_more_columns
D:3:      layout_basic, chequers_temple_overflow_minitemple,
          shapermc_ecumenical_altar_flowoftime, minmay_tree_intersection
D:4:      layout_rooms, lemuel_temple_firewalk_a

Skill      XL: |  1  2  3  4 |
---------------+-------------+-----
Ranged Weapons | 5 |  5.9
Fighting       | 3 |  3.5
Dodging        | |  2.0
Stealth        | |  1.0

Action                     |  1- 3 |  4- 6 || total
---------------------------+-------+-------++-------
  Melee: Dagger            |       |    18 ||    18
   Fire: Shortbow          |    56 |   127 ||   183
    Use: Scroll            |       |     3 ||     3
         Potion            |       |     1 ||     1
 Armour: Leather armour    |     5 |     8 ||    13
         Skin              |       |     8 ||     8
  Dodge: Dodged            |    23 |    43 ||    66
